 Dungeon Crawl Stone Soup version 0.29-a0-664-gff9cad4a3d (webtiles) character file.

Game seed: 3242172264130019575

1626 happo123 the Vexing (level 8, -3/39 HPs)
             Began as a Spriggan Arcane Marksman on June 22, 2022.
             Was a Follower of Qazlal.
             Slain by a fire bat (8 damage)
             ... on level 2 of the Abyss.
             The game lasted 00:38:00 (5417 turns).

happo123 the Vexing (Spriggan Arcane Marksman)      Turns: 5417, Time: 00:38:02

Health: -3/39      AC:  4    Str:  6    XL:     8   Next: 65%
Magic:  12/15      EV: 19    Int: 16    God:    Qazlal [*.....]
Gold:   304        SH:  2    Dex: 16    Spells: 4/15 levels left

rFire   . . .      SeeInvis +   a - +0 shortbow
rCold   . . .      Faith    .   (shield currently unavailable)
rNeg    . . .      Spirit   .   b - +0 robe
rPois   .          Reflect  .   (helmet restricted)
rElec   .          Harm     .   g - +1 cloak
rCorr   .          Rampage  .   (gloves unavailable)
Will    +....                   (boots unavailable)
Stlth   +++.......              n - amulet of the acrobat
HPRegen 0.13/turn               (no ring)
MPRegen 0.14/turn               (no ring)

@: portalling projectiles, very quick
A: very small, no large weapons, unfitting armour, see invisible, speed 3
a: Renounce Religion


You were on level 2 of the Abyss.
You worshipped Qazlal.
Qazlal was aware of your devotion.
You visited 1 branch of the dungeon, and saw 5 of its levels.
You visited the Abyss 1 time.

You collected 304 gold pieces.

Inventory:

Hand Weapons
 a - a +0 shortbow (weapon)
Missiles
 w - a throwing net
Armour
 b - a +0 robe (worn)
 g - a +1 cloak (worn)
Magical Staves
 i - a staff of earth
 p - a staff of conjuration
Jewellery
 n - an amulet of the acrobat (around neck)
Scrolls
 c - a scroll of vulnerability
 e - 3 scrolls of fear
 h - 2 scrolls of teleportation
 l - a scroll of identify
 m - 3 scrolls of fog
 o - a scroll of blinking {unknown}
 q - a scroll of enchant weapon {unknown}
 t - a scroll of noise {unknown}
 u - a scroll of immolation {unknown}
 v - a scroll of acquirement {unknown}
Potions
 d - a potion of magic {unknown}
 f - a potion of mutation {unknown}
 j - 3 potions of haste {unknown}
 k - a potion of flight {unknown}
 r - 2 potions of curing {unknown}
 s - a potion of heal wounds {unknown}


   Skills:
 + Level 2.8 Fighting
 * Level 6.6 Bows
 + Level 5.2 Dodging
 + Level 5.2 Stealth
 + Level 4.3 Spellcasting
 * Level 7.1 Hexes
 + Level 4.1 Translocations
 + Level 2.1 Fire Magic


You had 4 spell levels left.
You knew the following spells:

 Your Spells              Type           Power      Damage    Failure   Level
a - Slow                  Hex            100%       N/A       1%          1
b - Inner Flame           Hex/Fire       18%        N/A       8%          3
c - Portal Projectile     Hex/Tloc       42%        N/A       4%          3
d - Cause Fear            Hex            13%        N/A       9%          4

Your spell library contained the following spells:

 Spells                   Type           Power      Damage    Failure   Level


Dungeon Overview and Level Annotations

Branches:
Dungeon (5/15)
 Temple: D:4-7

Altars:
Ashenzari
Dithmenos
Gozag
Nemelex Xobeh
Qazlal
Trog
Uskayaw
Wu Jian
Yredelemnul
The Shining One


Innate Abilities, Weirdness & Mutations

You are very small and have problems with some larger weapons.
You are too small for most types of armour.
You have supernaturally acute eyesight. (SInv)
You cover ground extremely quickly. (Speed+++)


Message History

A fire bat comes into view. x2
A hell hog comes into view.
There is an empty arch of ancient stone here.
A quicksilver dragon simulacrum comes into view.
A hell hog comes into view.
A mana viper comes into view.
Found a corrupted altar of Lugonu.
The fire bat attacks as you move away! The fire bat bites you.
You are engulfed in flames.
The fire bat completely misses you. The fire bat attacks as you move away!
The fire bat completely misses you.
The mana viper hisses angrily.
The fire bat completely misses you. The fire bat misses you.
The fire bat attacks as you move away! The fire bat completely misses you.
The fire bat misses you.
The fire bat bites you but does no damage.
The fire bat completely misses you. x2
A small abomination comes into view.
The mana viper completely misses you. The fire bat completely misses you.
The fire bat misses you.
An Executioner comes into view.
You block the fire bat's attack. The fire bat misses you.
The fire bat attacks as you move away! The fire bat completely misses you.
The fire bat misses you. The fire bat bites you.
You are engulfed in flames.
* * * LOW HITPOINT WARNING * * *
The fire bat completely misses you. x2
The fire bat attacks as you move away! The fire bat completely misses you.
The fire bat attacks as you move away! The fire bat misses you.
The fire bat attacks as you move away! The fire bat misses you.
A golden eye comes into view.
The fire bat barely misses you. The fire bat attacks as you move away!
The fire bat bites you but does no damage.
The fire bat closely misses you.
Casting: Portal Projectile (dangerous; 4% risk of failure)
Confirm with . or Enter, or press ? or * to list all spells.
You begin teleporting projectiles to their destination.
The fire bat bites you.
* * * LOW HITPOINT WARNING * * *
You are engulfed in flames!
You die...

### .# . ..
.≈≈♣♣≈ .. #..
≈≈≈≈≈G .#..
##≈≈≈≈≈
...#.≈♣≈≈#
#..#≈≈≈# ##.
#.#≈≈≈# .#..
#.@b..# ...
#..#b.##..#
##.#x.#..####
.#. ##
.###°....#.# ##
.⌠####..S.#....#
# . #
#...###..## ##
.. #
##....#....#


''. #........... ... #...Z....... You could see a mana viper, a small
abomination, 2 fire bats and a golden eye.

Vanquished Creatures
  A two-headed ogre (D:5)
  The ghost of wingedge the Sneak, an amateur HuBr (D:4)
  A water moccasin (D:5)
  A black bear (D:4)
  2 ogres (D:5)
  2 scorpions (D:5)
  A jelly (D:4)
  2 hounds
  An orc priest (D:3)
  Crazy Yiuf (D:2)
  An orc wizard (D:3)
  5 adders
  8 gnolls (D:3)
  2 ufetubi (D:5)
  2 worms (D:2)
  2 dart slugs
  3 orcs (D:3)
  6 endoplasms
  2 giant cockroaches
  7 goblins
  6 hobgoblins
  4 jackals (D:2)
  8 kobolds
  3 quokkas
  6 ball pythons
  2 bats (D:3)
  3 frilled lizards
  3 rats (D:1)
86 creatures vanquished.

Vanquished Creatures (others)
  4 plants (D:4)
4 creatures vanquished.

Grand Total: 90 creatures vanquished

Notes
Turn   | Place    | Note
-------+----------+-------------------------------------------
     0 | D:1      | happo123 the Spriggan Arcane Marksman began the quest for
                  | the Orb.
     0 | D:1      | Reached XP level 1. HP: 9/9 MP: 3/3
   149 | D:1      | Found a faded altar of an unknown god.
   186 | D:1      | You fall into a shaft and drop 1 floor!
   242 | D:2      | Reached XP level 2. HP: 14/14 MP: 5/5
   376 | D:2      | Found a runed translucent door.
   377 | D:2      | Noticed Crazy Yiuf
   429 | D:2      | Killed Crazy Yiuf
   430 | D:2      | Reached skill level 1 in Fighting
   430 | D:2      | Reached skill level 1 in Stealth
   430 | D:2      | Reached skill level 4 in Hexes
   430 | D:2      | Reached XP level 3. HP: 17/18 MP: 3/6
   896 | D:1      | Learned a level 3 spell: Inner Flame
  1373 | D:2      | Reached XP level 4. HP: 22/22 MP: 8/8
  1832 | D:3      | Reached XP level 5. HP: 17/25 MP: 7/9
  1882 | D:3      | Learned a level 3 spell: Portal Projectile
  1912 | D:3      | Found a hide-covered altar of Uskayaw.
  1912 | D:3      | Found a basalt altar of Yredelemnul.
  1913 | D:3      | Found a stormy altar of Qazlal.
  1914 | D:3      | Found a glowing golden altar of the Shining One.
  1926 | D:3      | Found an opulent altar of Gozag.
  1926 | D:3      | Found an ornate altar of the Wu Jian Council.
  1935 | D:3      | Found a shadowy altar of Dithmenos.
  1936 | D:3      | Found a bloodstained altar of Trog.
  1936 | D:3      | Found a sparkling altar of Nemelex Xobeh.
  1937 | D:3      | Found a broken altar of Ashenzari.
  1946 | D:3      | Became a worshipper of Qazlal Stormbringer
  2359 | D:3      | Reached skill level 5 in Hexes
  2466 | D:3      | Reached skill level 1 in Translocations
  3331 | D:4      | Reached * piety under Qazlal
  3467 | D:4      | Found a runed translucent gate.
  3467 | D:4      | Found a runed translucent gate.
  3467 | D:4      | Found a runed translucent gate.
  3470 | D:4      | Noticed wingedge's ghost (amateur HuBr)
  3486 | D:4      | Reached XP level 6. HP: 30/30 MP: 9/11
  4011 | D:4      | Learned a level 4 spell: Cause Fear
  4018 | D:5      | Entered Level 5 of the Dungeon
  4124 | D:5      | Reached skill level 5 in Bows
  4124 | D:5      | Reached XP level 7. HP: 35/35 MP: 9/12
  4197 | D:5      | Reached skill level 1 in Fire Magic
  4346 | D:5      | Noticed a two-headed ogre
  4419 | D:5      | Killed a two-headed ogre
  4420 | D:5      | Reached skill level 6 in Hexes
  4420 | D:5      | Reached XP level 8. HP: 12/39 MP: 12/14
  4881 | D:5      | Reached skill level 5 in Dodging
  5038 | D:5      | Reached skill level 5 in Stealth
  5255 | D:4      | Killed wingedge's ghost
  5255 | D:4      | Cast into level 2 of the Abyss (kobold brigand)
  5256 | Abyss:2  | Reached skill level 7 in Hexes
  5398 | Abyss:2  | Noticed a hell hog
  5400 | Abyss:2  | Noticed a quicksilver dragon simulacrum
  5401 | Abyss:2  | Noticed a hell hog
  5402 | Abyss:2  | Found a corrupted altar of Lugonu.
  5402 | Abyss:2  | Noticed a mana viper
  5410 | Abyss:2  | Noticed an Executioner
  5417 | Abyss:2  | Slain by a fire bat

Illustrated notes

Levels and vault maps discovered:
D:1:      ebering_hopf_link, layout_loops_ring, basic_ecumenical_altar
D:2:      layout_loops_ring, uniq_crazy_yiuf_cottage
D:3:      layout_basic, nicolae_overflows_in_rows
D:4:      layout_loops_corners, gammafunk_ghost_nasty_kobolds, serial_rivers,
          chequers_serial_rivers_large_a, chequers_serial_rivers_small_3,
          chequers_serial_rivers_room_a, chequers_serial_rivers_large_b,
          chequers_serial_rivers_room_b
D:5:      layout_loops_ring
Abyss:2:  base: D:3, hangedman_abyss_shoalhut

Skill      XL: |  1  2  3  4  5  6  7  8 |
---------------+-------------------------+-----
Fighting       | 1 2 |  2.8
Bows           | 3 4 5 6 |  6.6
Dodging        | 3 4 5 |  5.2
Stealth        | 1 2 3 4 5 |  5.2
Hexes          | 4 5 6 7 |  7.1
Spellcasting   | 2 3 4 |  4.3
Translocations | 1 2 3 4 |  4.1
Fire Magic     | 1 2 |  2.1

Action                   |  1- 3 |  4- 6 |  7- 9 || total
-------------------------+-------+-------+-------++-------
 Fire: Shortbow          |    87 |   228 |    79 ||   394
 Cast: Slow              |    13 |    36 |    11 ||    60
       Portal Projectile |       |     6 |     5 ||    11
       Inner Flame       |       |     2 |       ||     2
       Cause Fear        |       |       |     2 ||     2
  Use: Scroll            |       |     3 |       ||     3
Armor: Robe              |     2 |    14 |     3 ||    19
Dodge: Dodged            |     7 |    52 |    39 ||    98
Block: Other             |       |     2 |     6 ||     8

Table legend: (Time is in decaauts)
 A = Elapsed time spent in this place.
 B = Non-inter-level travel time spent in this place.
 C = Inter-level travel time spent in this place.
 D = Time resting spent in this place.
 E = Time spent auto-exploring this place.
 F = Levels seen in this place.
 G = Mean time per level.
                   A        B        C        D        E       F      G
               +--------+--------+--------+--------+--------+-----+--------+
         Total |   3788 |   2557 |   1231 |    331 |   1133 |   6 |  631.3 |
       Dungeon |   3639 |   2408 |   1231 |    200 |   1133 |   5 |  727.8 |
         Abyss |    149 |    149 |      0 |    131 |      0 |   1 |  149.0 |
               +--------+--------+--------+--------+--------+-----+--------+

Top non-repeatable levels by time:
     D:5: 880 daAuts
     D:4: 827 daAuts
     D:3: 825 daAuts
     D:2: 634 daAuts
     D:1: 471 daAuts
 Abyss:2: 149 daAuts
